 Dungeon Crawl Stone Soup version 0.14.2 (webtiles) character file.

123 Trafet the Ruffian (level 3, -3/31 HPs)
             Began as a Troll Wizard on Apr 19, 2015.
             Slain by Crazy Yiuf
             ... wielding a +4,+3 quarterstaff of chaos
              (20 damage)
             ... while paralysed by Crazy Yiuf
             ... on Level 2 of the Dungeon.
             The game lasted 00:02:25 (733 turns).

Trafet the Ruffian (Troll Wizard)                    Turns: 733, Time: 00:02:25

HP  -3/31        AC  6     Str 15      XL: 3   Next:  7%
MP   5/5         EV  1     Int 15      God:
Gold 92          SH  0     Dex  8      Spells:  1 memorised,  5 levels left

rFire  . . .     SeeInvis .       - Unarmed
rCold  . . .     Clarity  .     a - +0 robe
rNeg   . . .     Conserve .     (shield restricted)
rPois  .         rCorr    .     b - +0 hat
rElec  .         rRot     .     g - +0 cloak
SustAb . .       Spirit   .     (gloves unavailable)
rMut   .         Warding  .     (boots unavailable)
Gourm  +         Stasis   .     (no amulet)
MR     .....                    (no ring)
                                (no ring)

@: paralysed, not resistant to hostile enchantments, unstealthy
A: unfitting armour, claws 3, fast metabolism 3, gourmand, regeneration 2,
saprovore 2, shaggy fur 1, tough skin 2
a: no special abilities


You were on level 2 of the Dungeon.
You were hungry.

You visited 1 branch of the dungeon, and saw 2 of its levels.

You collected 92 gold pieces.

Inventory:

Armour
 a - a +0 robe (worn)
 b - a +0 hat (worn)
 g - a +0 cloak (worn)
Comestibles
 d - 3 meat rations
 l - an apple
 n - a bread ration
Scrolls
 e - a scroll of recharging {unknown}
 i - 4 scrolls of identify {unknown}
 j - 2 scrolls of enchant weapon I {unknown}
 m - a scroll of remove curse {unknown}
Potions
 f - a potion of might
 h - a potion of resistance {unknown}
 k - 2 potions of heal wounds {unknown}
Books
 c - a book of Minor Magic

   Spells                             Type                      Level
   *Magic Dart                        Conjuration                  1
   Blink                              Translocation                2
   Call Imp                           Summoning                    2
   Repel Missiles                     Charms/Air                   2
   Slow                               Hexes                        2
   Conjure Flame                      Conjuration/Fire             3
   Mephitic Cloud                     Conjuration/Poison/Air       3


   Skills:
 - Level 1.5 Dodging
 - Level 1.1 Stealth
 + Level 2.7 Unarmed Combat
 - Level 2.0 Spellcasting
 - Level 0.6 Conjurations
   Level 0.6 Summonings
   Level 0.6 Translocations


You had 5 spell levels left.
You knew the following spells:

 Your Spells              Type           Power        Failure   Level  Hunger
a - Magic Dart            Conj           #...         17%         1    #......


Dungeon Overview and Level Annotations

Branches:
Dungeon (2/15)

Altars:

Annotations:
D:2 Crazy Yiuf


Innate Abilities, Weirdness & Mutations

You are too large for most types of armour.
You have claws for hands.
Your metabolism is lightning-fast.
You like to eat raw meat.
You heal very quickly.
You can eat rotten meat.
You are covered in fur (AC +1).
You have very tough skin (AC +2).


Message History

There is an open door here.
Crazy Yiuf comes into view.
He is wielding a quarterstaff of chaos.
Crazy Yiuf shouts!
Crazy Yiuf moves out of view.
Found a hammer.
Crazy Yiuf is nearby!
Crazy Yiuf is nearby!
Crazy Yiuf drinks a potion.
Crazy Yiuf seems to grow stronger.
Crazy Yiuf barely misses you.
You hit Crazy Yiuf.
Crazy Yiuf begins to bleed from his wounds!
Crazy Yiuf is moderately wounded.
Crazy Yiuf closely misses you.
You claw Crazy Yiuf!
Crazy Yiuf is severely wounded.
Crazy Yiuf hits you with a quarterstaff of chaos!
You suddenly lose the ability to move!
Crazy Yiuf hits you with a quarterstaff of chaos!
Ouch! That really hurt!
You die...

#######'##### #
#...........#### #
##########..'..####
#..##..#..
♣♣♣##..###.... ###
#♣ ♣♣♣♣##..# ###..
#)..#♣♣♣♣♣♣f....#
#..
#....g♣♣♣♣f.....#
### #♣@.♣.......#
#♣♣♣.♣....###
♣♣♣♣♣♣♣♣### ♣♣♣♣♣♣#


You could see Crazy Yiuf (bleeding).

Vanquished Creatures
  An adder (D:2)
  3 bats (D:1)
  2 giant cockroaches (D:1)
  A hobgoblin (D:1)
  A quokka (D:2)
  7 giant newts
  5 goblins
  4 kobolds (D:1)
  2 rats (D:1)
26 creatures vanquished.

Notes
Turn   | Place    | Note
--------------------------------------------------------------
     0 | D:1      | Trafet, the Troll Wizard, began the quest for the Orb.
     0 | D:1      | Reached XP level 1. HP: 16/16 MP: 3/3
    84 | D:1      | Reached skill level 1 in Unarmed Combat
   141 | D:1      | Reached XP level 2. HP: 24/24 MP: 3/3
   554 | D:2      | Reached XP level 3. HP: 21/31 MP: 5/5
   725 | D:2      | Noticed Crazy Yiuf
   732 | D:2      | Paralysed by Crazy Yiuf for 6 turns
   733 | D:2      | Slain by Crazy Yiuf

Action                   || total
-------------------------++-------
Melee: Unarmed           ||    79
